 Dungeon Crawl Stone Soup version 0.28-a0-1613-gdaab1c2f9b (webtiles) character file.

Game seed: 14727309237171558747

842 issech the Ducker (level 7, 0/68 HPs)
             Began as a Troll Fighter on Jan 21, 2022.
             Was an Initiate of Wu Jian.
             Succumbed to a killer bee's poison
             ... on level 5 of the Dungeon on Jan 22, 2022.
             The game lasted 00:24:56 (4566 turns).

issech the Ducker (Troll Fighter)                   Turns: 4566, Time: 00:24:56

Health: 0/68       AC:  5    Str: 25    XL:     7   Next: 67%
Magic:  6/6        EV:  9    Int:  4    God:    Wu Jian [......]
Gold:   198        SH:  9    Dex: 11    Spells: 6/6 levels left

rFire   . . .      SeeInvis .   v - +0 mace
rCold   . . .      Faith    .   c - +1 kite shield
rNeg    . . .      Spirit   .   u - +0 animal skin
rPois   .          Reflect  .   (helmet restricted)
rElec   .          Harm     .   x - +0 cloak
rCorr   .          Rampage  .   (gloves unavailable)
Will    .....                   (boots unavailable)
Stlth   +.........              (no amulet)
HPRegen 1.01/turn               (no ring)
MPRegen 0.10/turn               (no ring)

@: lethally poisoned (0 -> -2)
A: large, unfitting armour, claws 3, regeneration 1, shaggy fur 1, tough skin 1
a: Renounce Religion


You were on level 5 of the Dungeon.
You worshipped Wu Jian.
Wu Jian was noncommittal.
You visited 2 branches of the dungeon, and saw 6 of its levels.

You collected 198 gold pieces.

Inventory:

Hand Weapons
 a - a +0 flail
 p - a +0 whip
 r - a +0 hunting sling
 t - a +2 antimagic dagger
 v - a +0 mace (weapon)
 w - a +4 quarterstaff of chaos
Missiles
 e - 103 stones (quivered)
 g - 17 bolts
 k - 69 sling bullets
 l - 6 boomerangs of dispersal
 q - 31 arrows
Armour
 b - a +0 robe
 c - a +1 kite shield (worn)
 n - the +1 ring mail "Beohuh" {*Slow rPois Int+3}
   (You found it on level 3 of the Dungeon)

   Int:       It affects your intelligence (+3).
   rPois:     It protects you from poison.
   *Slow:     It may slow you when you take damage.
 u - a +0 animal skin (worn)
 x - a +0 cloak (worn)
Magical Staves
 f - a staff of death
Jewellery
 i - a ring of fire
Wands
 d - a wand of digging (1)
Scrolls
 h - a scroll of identify
 m - 2 scrolls of blinking
 o - 5 scrolls of teleportation
Potions
 j - a potion of attraction
 z - 2 potions of curing
 A - a potion of heal wounds
 B - a potion of brilliance {unknown}


   Skills:
 + Level 3.7 Fighting
 + Level 4.3 Maces & Flails
 + Level 4.4 Dodging
 + Level 0.9 Stealth
 + Level 4.3 Shields


You had 6 spell levels left.
You didn't know any spells.
Your spell library contained the following spells:

 Spells                   Type           Power      Damage    Failure   Level
 Sublimation of Blood     Necr           0%         N/A       89%         2
 Wereblood                Tmut           0%         N/A       89%         2
 Summon Hydra             Summ           0%         N/A       100%        7


Dungeon Overview and Level Annotations

Branches:
Dungeon (5/15)             Temple (1/1) D:4

Altars:
Cheibriados
Elyvilon
Fedhas
Gozag
Makhleb
Nemelex Xobeh
Okawaru
Ru
Trog
Uskayaw
Vehumet
Wu Jian
Yredelemnul
Zin
The Shining One

Shops:
D:1 =


Innate Abilities, Weirdness & Mutations

You are too large for most types of armour.
You have claws for hands.
Your natural rate of healing is unusually fast.
You are covered in fur. (AC +1)
You have tough skin. (AC +1)


Message History

You feel sick.
You feel sick. The killer bee barely misses you.
You feel sick.
You feel sick.
The killer bee stings you but does no damage.
You see here a +0 dagger.
You feel sick.
You feel sick.
The killer bee stings you but does no damage.
You feel sick.
You are no longer poisoned.
You block the killer bee's attack. You block the killer bee's attack.
You block the killer bee's attack. The killer bee barely misses you.
The killer bee stings you.
* * * LOW HITPOINT WARNING * * *
You are poisoned.
The killer bee poisons you!
You feel sick.
You feel sick. The killer bee stings you.
* * * LOW HITPOINT WARNING * * *
Your extra speed is starting to run out.
You feel sick.
You feel sick.
The killer bee stings you but does no damage.
You feel sick.
You feel sick.
You feel sick.
You are no longer poisoned.
The killer bee stings you but does no damage.
You feel yourself slow down. The killer bee closely misses you.
There is an escape hatch in the floor here.
The killer bee stings you!
* * * LOW HITPOINT WARNING * * *
You are lethally poisoned!
The killer bee poisons you!
You die...

.# #.#.# .#
#.#.# .#
#########.#.#
##
#.........#.#
#.#########y#
#.# #y# #.#
#.#
#.#########y#
#......@.yyy#
#############


You could see 4 killer bees.

Vanquished Creatures
  Eustachio (D:3)
  An ogre (D:4)
  A scorpion (D:5)
  A killer bee (D:5)
  Crazy Yiuf (D:4)
  A hound (D:5)
  A jelly (D:5)
  A gnoll shaman (D:3)
  3 iguanas
  3 orc wizards
  Robin (D:4)
  8 gnolls
  4 adders
  An ufetubus (D:4)
  3 worms
  4 dart slugs
  An orc (D:5)
  12 endoplasms
  3 giant cockroaches
  15 goblins
  6 hobgoblins
  5 jackals
  3 quokkas
  4 ball pythons
  7 bats
  3 frilled lizards
  4 kobolds
  5 rats
  A bush (D:4)
104 creatures vanquished.

Vanquished Creatures (others)
  2 orc wizards
  3 fungi (D:4)
5 creatures vanquished.

Grand Total: 109 creatures vanquished

Notes
Turn   | Place    | Note
-------+----------+-------------------------------------------
     0 | D:1      | issech the Troll Fighter began the quest for the Orb.
     0 | D:1      | Reached XP level 1. HP: 22/22 MP: 0/0
    12 | D:1      | Found Kuekhir's Jewellery Shop.
   140 | D:1      | Reached XP level 2. HP: 29/29 MP: 1/1
   299 | D:1      | Found a faded altar of an unknown god.
   337 | D:1      | Reached XP level 3. HP: 35/36 MP: 2/2
  1090 | D:2      | Reached XP level 4. HP: 44/44 MP: 3/3
  1682 | D:3      | Identified the +1 ring mail "Beohuh" {*Slow rPois Int+3}
  2318 | D:3      | Reached XP level 5. HP: 33/52 MP: 4/4
  2457 | D:4      | Noticed Robin
  2591 | D:4      | Killed Robin
  2632 | D:4      | Found an ornate altar of the Wu Jian Council.
  2641 | D:4      | Became a worshipper of the Wu Jian Council
  2744 | D:4      | Noticed Eustachio
  2847 | D:3      | Killed Eustachio
  2848 | D:3      | Reached XP level 6. HP: 14/61 MP: 5/5
  3362 | D:4      | Found a staircase to the Ecumenical Temple.
  3371 | D:4      | Reached XP level 7. HP: 37/67 MP: 6/6
  3408 | Temple   | Entered the Ecumenical Temple
  3613 | D:4      | Found a runed translucent door.
  3614 | D:4      | Noticed Crazy Yiuf
  3623 | D:4      | Killed Crazy Yiuf
  4054 | D:5      | Entered Level 5 of the Dungeon
  4227 | D:5      | Found a sparkling altar of Nemelex Xobeh.
  4301 | D:5      | Found a burning altar of Makhleb.
  4565 | D:5      | HP: 1/68 [killer bee (8)]
  4566 | D:5      | Succumbed to a killer bee's poison

Illustrated notes

Levels and vault maps discovered:
D:1:      minmay_arrival_checkered_box, layout_loops_ring,
          basic_ecumenical_altar, serial_shops, nicolae_shop_hallway_plus
D:2:      layout_basic, minmay_hexomino_f4
D:3:      layout_loops_ring
D:4:      layout_rooms, mainiacjoe_overflow_surrounded_room,
          minmay_temple_entry_stoned_glass, serial_rivers,
          chequers_serial_rivers_marsh, chequers_serial_rivers_micro_b,
          chequers_serial_rivers_large_a, chequers_serial_rivers_micro_b,
          chequers_serial_rivers_large_b, chequers_serial_rivers_micro_e,
          chequers_mini_garden, uniq_crazy_yiuf_cottage, uniq_eustachio,
          uniq_robin
D:5:      layout_basic, mainiacjoe_overflow_big_doors, bloody_makhleb,
          mainiacjoe_overflow_cross_hatched
Temple:   nicolae_temple_x_marks_the_god

Skill      XL: |  1  2  3  4  5  6  7 |
---------------+----------------------+-----
Maces & Flails | 2 3 4 |  4.3
Dodging        | 3 4 |  4.4
Shields        | 3 4 |  4.3
Fighting       | 3 |  3.7
Stealth        | |  0.9

Action                   |  1- 3 |  4- 6 |  7- 9 || total
-------------------------+-------+-------+-------++-------
Melee: Flail             |   108 |    32 |       ||   140
       Whip              |       |   279 |    11 ||   290
       Mace              |       |       |   151 ||   151
Invok: Lunge             |       |     4 |     1 ||     5
  Use: Scroll            |     3 |     4 |     4 ||    11
       Potion            |       |     1 |     1 ||     2
 Stab: Sleeping          |     1 |     2 |       ||     3
       Invisible         |       |       |     1 ||     1
Armor: Robe              |    27 |    74 |       ||   101
       Animal skin       |       |    55 |    21 ||    76
Dodge: Dodged            |    39 |   193 |    36 ||   268
Block: Kite shield       |    44 |   247 |    42 ||   333

Table legend: (Time is in decaauts)
 A = Elapsed time spent in this place.
 B = Non-inter-level travel time spent in this place.
 C = Inter-level travel time spent in this place.
 D = Time resting spent in this place.
 E = Time spent auto-exploring this place.
 F = Levels seen in this place.
 G = Mean time per level.
                   A        B        C        D        E       F      G
               +--------+--------+--------+--------+--------+-----+--------+
         Total |   4791 |   4617 |    174 |    161 |   1946 |   6 |  798.5 |
       Dungeon |   4706 |   4542 |    164 |    161 |   1900 |   5 |  941.2 |
        Temple |     84 |     74 |     10 |      0 |     46 |   1 |   84.0 |
               +--------+--------+--------+--------+--------+-----+--------+

Top non-repeatable levels by time:
     D:4: 1511 daAuts
     D:3: 1096 daAuts
     D:1: 882 daAuts
     D:2: 694 daAuts
     D:5: 522 daAuts
  Temple: 84 daAuts
